 Dungeon Crawl Stone Soup version 0.23-a0-49-gd9f7a49 (webtiles) character file.

21223 riellis the Severer (level 13, 0/103 HPs)
             Began as a Formicid Fighter on Aug 7, 2018.
             Was a High Priest of Okawaru.
             Killed from afar by an oklob plant (11 damage)
             ... with a splash of acid
             ... on level 2 of the Lair of Beasts on Aug 8, 2018.
             The game lasted 00:38:10 (17055 turns).

riellis the Severer (Formicid Fighter)             Turns: 17055, Time: 00:38:10

Health: 0/103      AC:  9    Str: 23    XL:     13   Next: 18%
Magic:  15/15      EV: 13    Int: 10    God:    Okawaru [*****.]
Gold:   1062       SH: 14    Dex: 11    Spells: 12/12 levels left

rFire    + + .     SeeInvis +   a - +0 battleaxe (flame)
rCold    + . .     Gourm    .   c - +1 shield
rNeg     . . .     Faith    .   U - +2 chain mail {rF+}
rPois    +         Spirit   .   (helmet unavailable)
rElec    .         Reflect  .   y - scarf {rC+ rF+}
rCorr    .         Harm     .   K - +0 pair of gloves
MR       ++...                  t - +0 pair of boots
Stlth    ..........             X - amulet of magic regeneration
HPRegen  0.27/turn              r - ring of poison resistance
MPRegen  0.39/turn              x - ring of protection from magic

@: heroism, corroded
A: permanent stasis, dig shafts and tunnels, four strong arms, antennae 3
a: Dig, Shaft Self, Heroism, Finesse, Renounce Religion


You were on level 2 of the Lair of Beasts.
You worshipped Okawaru.
Okawaru was extremely pleased with you.
You were hungry.

You visited 3 branches of the dungeon, and saw 13 of its levels.
You also visited: Ossuary.

You collected 1062 gold pieces.

Inventory:

Hand Weapons
 a - a +0 battleaxe of flaming (weapon)
 b - a +0 hunting sling
 m - a +1 whip of venom
 p - a +3 vampiric battleaxe
 R - a +5 shortbow of velocity
Missiles
 j - 91 sling bullets
 O - 17 tomahawks (quivered)
Armour
 c - a +1 shield (worn)
 t - a +0 pair of boots (worn)
 y - a scarf of resistance (worn)
 K - a +0 pair of gloves (worn)
 U - a +2 chain mail of fire resistance (worn)
 W - the +1 robe of the Ward {rElec MR+++ Str-5 Int+2}
   (You found it on level 1 of the Lair of Beasts)

   It affects your strength (-5).
   It affects your intelligence (+2).
   It insulates you from electricity.
   It affects your resistance to hostile enchantments.
Magical Staves
 I - an uncursed staff of wizardry
 S - an uncursed staff of power
Jewellery
 i - an uncursed ring of fire
 r - a ring of poison resistance (left hand)
 x - a ring of protection from magic (right hand)
 C - an uncursed ring of fire
 J - an uncursed ring of positive energy
 T - an uncursed ring of flight
 V - an uncursed ring of ice
 X - an amulet of magic regeneration (around neck)
Wands
 d - a wand of flame (24)
 n - a wand of polymorph (28)
 v - a wand of paralysis (39)
 D - a wand of iceblast (7)
Scrolls
 e - 5 scrolls of fear
 g - a scroll of random uselessness {unknown}
 h - a scroll of immolation {unknown}
 k - a scroll of silence {unknown}
 l - 11 scrolls of remove curse
 o - 4 scrolls of identify
 F - 2 scrolls of fog
 G - 2 scrolls of amnesia
 H - 4 scrolls of magic mapping
 L - 2 scrolls of enchant weapon
 P - 2 scrolls of enchant armour
 Y - a scroll of vulnerability {unknown}
Potions
 q - 2 potions of invisibility
 s - 3 potions of heal wounds
 u - 3 potions of agility
 w - 2 potions of resistance
 z - 6 potions of curing
 B - 5 potions of lignification
 E - 2 potions of mutation
 M - a potion of ambrosia
 Q - a potion of might
Miscellaneous
 A - a lightning rod (4/4)
 N - a lamp of fire
Comestibles
 f - 26 rations


   Skills:
 + Level 9.9(14.9) Fighting
 * Level 15.1(20.1) Axes
 + Level 6.1(11.1) Armour
 - Level 6.3(11.3) Dodging
 - Level 9.0(14.0) Shields
 - Level 3.2 Invocations


You had 12 spell levels left.
You didn't know any spells.
Your spell library contained the following spells:

 Spells                   Type           Power        Failure   Level  Hunger
 Apportation              Tloc           #.....       90%         1    ##.....
 Invisibility             Hex            #.......     100%        6    #######
 Summon Small Mammal      Summ           #...         90%         1    ##.....
 Animate Skeleton         Necr           N/A          90%         1    ##.....
 Tukima's Dance           Hex            #.......     99%         3    ####...
 Confusing Touch          Hex            #.....       90%         1    ##.....
 Summon Butterflies       Summ           #.......     90%         1    ##.....
 Alistair's Intoxication  Tmut/Pois      #.......     100%        5    ######.
 Lesser Beckoning         Tloc           #.........   99%         3    ####...


Dungeon Overview and Level Annotations

Branches:
Dungeon (10/15)            Temple (1/1) D:4            Lair (2/6) D:10
 Shoals (0/4) Lair:2        Snake (0/4) Lair:2          Orc (0/2) D:9

Altars:
Ashenzari
Cheibriados
Dithmenos
Elyvilon
Fedhas
Gozag
Hepliaklqana
Kikubaaqudgha
Makhleb
Nemelex Xobeh
Okawaru
Qazlal
Ru
Sif Muna
Trog
Uskayaw
Vehumet
Wu Jian
Xom
Yredelemnul
Zin
The Shining One

Shops:
D:5 ?   D:9 [

Annotations:
Lair:2 exclusion: oklob plant


Innate Abilities, Weirdness & Mutations

You cannot be hasted, slowed, berserked, paralysed or teleported.
You can dig through walls and to a lower floor.
Your four strong arms can wield two-handed weapons with a shield.
You have a pair of large antennae on your head. (SInv)


Message History

You hit the bush. You burn the bush. You slash the bush! You burn the bush.
The oklob plant spits acid at you. The splash of acid hits you!
The acid corrodes you!
You are splashed with acid!
The acid burns!
You hit the bush but do no damage.
The bush is moderately damaged.
You hit the bush but do no damage. You slash the bush! You burn the bush.
You hit the bush but do no damage.
The bush is moderately damaged.
You slash the bush! You burn the bush. You slash the bush! You burn the bush.
The oklob plant spits acid at you. The splash of acid hits you!
You are splashed with acid!
The acid burns!
The oklob plant spits acid at you. The splash of acid hits you!
* * * LOW HITPOINT WARNING * * *
You are splashed with acid!
The acid burns!
* * * LOW HITPOINT WARNING * * *
The oklob plant spits acid at you. The splash of acid hits you!
You die...

..........### ###.........####
####........### #.............##P
####<.........###................
##.....!.#.......................
#P.P....#####................#..
##..#......#..................#..
...###..............[.)........#.
....##......#........PPP.........
...........##...@....PPP$........
.###........#........PPP.........
.# ##P..........................P
.# ##..........................#
## ##.......................#.#
.## ##....#.##.................#
..####...#.#####.............##..
####P....#.#.# ##................
#.##......#.## #................


You could see an oklob plant.

Vanquished Creatures
  Harold (D:10)
  A hydra (Lair:1)
  Fannar (Lair:1)
  Erica (D:10)
  A centaur warrior (D:10)
  The ghost of cellescent the Shield-Bearer, a novice GnWn (D:8)
  A deep elf archer (D:8)
  A harpy (shapeshifter) (D:10)
  An orc knight (D:10)
  2 cyclopes (D:10)
  2 ugly things (D:10)
  A merfolk siren (Lair:2)
  2 black mambas
  5 spiny frogs
  2 komodo dragons
  A yaktaur (D:10)
  3 trolls
  A hornet (D:8)
  3 hippogriffs
  3 blink frogs (Lair:2)
  A shadow (D:10)
  14 yaks
  A wyvern (Lair:2)
  Grum (D:10)
  6 nagas (Lair:2)
  3 water moccasins
  3 sky beasts
  4 porcupines
  6 ice beasts
  A phantom (D:5)
  5 orc warriors
  6 ogres
  4 wolves (D:10)
  3 centaurs
  3 crocodiles
  2 big kobolds
  9 bullfrogs
  A wyvern skeleton (D:8)
  A scorpion (D:5)
  3 killer bees (D:7)
  5 wights (D:9)
  7 howler monkeys
  A centaur zombie (D:3)
  A bullfrog zombie (D:10)
  3 crimson imps
  3 jellies
  A gnoll shaman (D:10)
  3 orc wizards
  3 bullfrog skeletons
  2 orc priests (D:7)
  3 hounds
  Jessica (D:3)
  An iguana (D:4)
  10 worker ants
  An ogre zombie (D:5)
  A hound zombie (D:8)
  A hound skeleton (D:9)
  13 mummies (Ossuary)
  A howler monkey zombie (D:3)
  16 gnolls
  2 gnoll zombies (D:5)
  A howler monkey skeleton (D:7)
  An orc zombie (D:5)
  15 adders
  A shadow imp (D:8)
  3 oozes
  2 adder zombies
  4 adder skeletons
  5 worms
  4 dart slugs
  5 leopard geckos
  27 orcs
  5 bats
  A giant cockroach (D:2)
  8 goblins
  5 hobgoblins
  7 jackals (D:3)
  14 kobolds
  A quokka (D:8)
  4 ball pythons
  5 frilled lizards
  3 gnoll skeletons (Ossuary)
  A goblin skeleton (Ossuary)
  A jackal skeleton (D:3)
  2 kobold skeletons (Ossuary)
  A leopard gecko skeleton (D:3)
  2 orc skeletons (Ossuary)
  4 rats
  11 rat skeletons (Ossuary)
333 creatures vanquished.

Vanquished Creatures (others)
  A worker ant zombie (D:8)
  A fungus (Lair:2)
2 creatures vanquished.

Grand Total: 335 creatures vanquished

Notes
Turn   | Place    | Note
-------+----------+-------------------------------------------
     0 | D:1      | riellis the Formicid Fighter began the quest for the Orb.
     0 | D:1      | Reached XP level 1. HP: 18/18 MP: 1/1
   495 | D:1      | Reached XP level 2. HP: 24/24 MP: 2/2
  1018 | D:2      | Reached skill level 3 in Axes
  1018 | D:2      | Reached XP level 3. HP: 29/29 MP: 3/3
  1169 | D:2      | Reached XP level 4. HP: 18/35 MP: 4/4
  1254 | D:2      | HP: 1/35 [gnoll/club (4)]
  1256 | D:2      | Reached skill level 4 in Axes
  1726 | D:2      | Reached XP level 5. HP: 41/41 MP: 5/5
  1811 | D:2      | Found a bloodstained altar of Trog.
  2032 | D:2      | Reached skill level 5 in Shields
  2314 | D:3      | Reached XP level 6. HP: 36/47 MP: 6/6
  2435 | D:3      | Reached skill level 5 in Axes
  2666 | D:3      | Noticed Jessica
  2676 | D:3      | Killed Jessica
  2786 | D:3      | Noticed an ice beast
  2792 | D:3      | Killed an ice beast
  2792 | D:3      | Reached XP level 7. HP: 52/52 MP: 7/7
  2867 | D:3      | Reached skill level 6 in Axes
  3357 | D:4      | Found a sand-covered staircase.
  3362 | Ossuary  | Entered an ossuary
  4881 | D:4      | Found a staircase to the Ecumenical Temple.
  4885 | Temple   | Entered the Ecumenical Temple
  5059 | Temple   | Became a worshipper of Warmaster Okawaru
  5227 | D:4      | Reached skill level 7 in Axes
  5227 | D:4      | Reached XP level 8. HP: 58/58 MP: 8/8
  5517 | D:5      | Entered Level 5 of the Dungeon
  5525 | D:5      | Identified a scroll of acquirement
  5646 | D:5      | Found a transporter.
  5751 | D:5      | Reached skill level 8 in Axes
  5904 | D:5      | Reached * piety under Okawaru
  6020 | D:5      | Found Teppipadgh's Magic Scroll Shoppe.
  6086 | D:5      | Found a transporter.
  6498 | D:6      | Reached XP level 9. HP: 60/64 MP: 9/9
  6575 | D:6      | Reached skill level 9 in Axes
  6983 | D:6      | Found a bloodstained altar of Trog.
  7002 | D:6      | Noticed a hippogriff
  7013 | D:6      | Killed a hippogriff
  7451 | D:6      | Found a white marble altar of Elyvilon.
  7451 | D:6      | Found an opulent altar of Gozag.
  7556 | D:7      | Reached ** piety under Okawaru
  7561 | D:7      | Reached skill level 1 in Invocations
  7835 | D:7      | Got a crude robe
  7846 | D:7      | Identified the +1 robe "Janu" {rF+ Str+7} (You found it on level 7 of the Dungeon)
  8078 | D:7      | Reached skill level 10 in Axes
  8153 | D:7      | Found a burning altar of Makhleb.
  8299 | D:7      | Noticed a hippogriff
  8310 | D:7      | Killed a hippogriff
  8475 | D:7      | Reached XP level 10. HP: 70/70 MP: 12/12
  8838 | D:7      | Found a basalt altar of Yredelemnul.
  8951 | D:8      | Reached *** piety under Okawaru
  8951 | D:8      | Reached skill level 11 in Axes
  8988 | D:8      | Reached skill level 1 in Dodging
  9421 | D:8      | Found a runed gate.
  9421 | D:8      | Found a runed gate.
  9421 | D:8      | Found a runed gate.
  9428 | D:8      | Noticed cellescent's ghost (novice GnWn)
  9436 | D:8      | Found an opulent altar of Gozag.
  9437 | D:8      | Noticed a deep elf archer
  9457 | D:8      | Killed cellescent's ghost
  9457 | D:8      | Reached skill level 5 in Fighting
  9461 | D:8      | Killed a deep elf archer
  9461 | D:8      | Reached **** piety under Okawaru
  9721 | D:8      | Found an ornate altar of the Wu Jian Council.
  9721 | D:8      | Found a radiant altar of Vehumet.
 10738 | D:9      | Found a staircase to the Orcish Mines.
 10740 | D:9      | Found Enty's Armour Shop.
 10747 | D:9      | Reached skill level 12 in Axes
 10753 | D:9      | Reached XP level 11. HP: 59/81 MP: 11/13
 10834 | D:9      | Reached ***** piety under Okawaru
 11248 | D:9      | Found a hazy altar of Hepliaklqana.
 11249 | D:9      | Found a shimmering altar of Xom.
 11268 | D:9      | Received a gift from Okawaru
 11824 | D:10     | Entered Level 10 of the Dungeon
 11824 | D:10     | Noticed Harold
 11837 | D:10     | Killed Harold
 11977 | D:10     | Found a staircase to the Lair.
 12005 | D:10     | Noticed Erica
 12013 | D:10     | Killed Erica
 12013 | D:10     | Reached skill level 13 in Axes
 12013 | D:10     | Reached skill level 5 in Dodging
 12332 | D:10     | Noticed a cyclops
 12340 | D:10     | Killed a cyclops
 12766 | D:10     | Noticed a harpy
 12766 | D:10     | Noticed a centaur warrior
 12774 | D:10     | Killed a centaur warrior
 12774 | D:10     | Reached XP level 12. HP: 70/92 MP: 11/14
 12860 | D:10     | Got an iridescent long sword
 13148 | D:10     | Identified the cursed +0 long sword of Ylyj {slice, rElec rPois} (You found it on level 10 of the Dungeon)
 13213 | D:10     | Noticed Grum
 13233 | D:10     | Killed Grum
 13233 | D:10     | Reached skill level 14 in Axes
 13638 | Lair:1   | Entered Level 1 of the Lair of Beasts
 13667 | Lair:1   | Reached ****** piety under Okawaru
 13686 | Lair:1   | Received a gift from Okawaru
 14036 | Lair:1   | Noticed Fannar
 14059 | Lair:1   | Killed Fannar
 14136 | Lair:1   | Noticed a four-headed hydra
 14145 | Lair:1   | Killed a one-headed hydra
 14145 | Lair:1   | Reached skill level 5 in Armour
 14361 | Lair:1   | Got an ominously black robe
 14372 | Lair:1   | Identified the +1 robe of the Ward {rElec MR+++ Str-5 Int+2} (You found it on level 1 of the Lair of Beasts)
 14693 | Lair:2   | Found a staircase to the Shoals.
 14787 | Lair:2   | Reached XP level 13. HP: 89/101 MP: 15/15
 15202 | Lair:2   | Reached skill level 15 in Axes
 15438 | Lair:2   | Found a staircase to the Snake Pit.
 17055 | Lair:2   | Killed from afar by an oklob plant

Vault maps used:
D:1:      shiori_arrival_oz, minmay_misc_feat_encased
D:2:      moated_statue, bloody_trog
D:3:      minmay_wonky_spiral, serial_undead, serial_undead_e, serial_undead_d,
          serial_undead_a, serial_undead_b, minivault_5, uniq_jessica
D:4:      minmay_temple_entry_overgrown, enter_ossuary_2
D:5:      gammafunk_cloud_chamber, serial_shops, shop, first_ration
D:6:      gammafunk_temple_overflow_wave, hangedman_decor_slide_cut,
          trog_three_pillars_becter
D:7:      lemuel_coloured_pillars_altar, bloody_makhleb, grunt_ogre_cave
D:8:      gammafunk_temple_overflow_elements, ebering_ghost_gozag
D:9:      regret_index_temple_of_mockery, orc_david_3
D:10:     minmay_the_grid_triangle_9x9_recursive_2, lair_entry_dummy, uniq_grum,
          uniq_harold, uniq_erica
Temple:   eino_narrow_crystal_temple
Lair:1:   minmay_holes, grunt_megastairs_2, infiniplex_staircase_pool,
          uniq_fannar
Lair:2:   minmay_shoals_entry_lonely_mermaid,
          minmay_snake_entry_guardpost_medium, minmay_lair_oklob_bushes,
          lemuel_fruit_tree
Ossuary:  ossuary_due_small_catacomb

Skill      XL: |  1  2  3  4  5  6  7  8  9 10 11 12 13 |
---------------+----------------------------------------+-----
Shields        | 4 5 6 8 9 |  9.0
Axes           | 3 4 5 7 8 10 12 13 14 15 | 15.1
Invocations    | 3 |  3.2
Fighting       | 5 7 9 |  9.9
Armour         | 4 5 6 |  6.1
Dodging        | 3 5 6 |  6.3

Action                   |  1- 3 |  4- 6 |  7- 9 | 10-12 | 13-15 || total
-------------------------+-------+-------+-------+-------+-------++-------
Melee: War axe           |    89 |   202 |   229 |       |       ||   520
       Battleaxe         |       |       |   186 |   524 |    58 ||   768
Invok: Heroism           |       |       |     2 |     9 |     2 ||    13
       Finesse           |       |       |       |     1 |       ||     1
 Abil: Dig               |       |     2 |       |       |       ||     2
  Use: Potion            |       |     6 |     1 |     2 |       ||     9
       Scroll            |       |       |    13 |     6 |     1 ||    20
 Stab: Distracted        |       |     1 |       |       |       ||     1
       Invisible         |       |       |       |     8 |       ||     8
  Eat: Chunk             |     1 |     6 |    15 |    18 |     3 ||    43
       Ration            |       |       |     1 |     2 |     1 ||     4
Armor: Chain mail        |    38 |   107 |   153 |   147 |    13 ||   458
       Skin              |       |     8 |       |       |       ||     8
Dodge: Dodged            |    19 |    47 |    98 |   154 |    18 ||   336
Block: Shield            |    56 |   111 |   229 |   301 |    35 ||   732

Table legend:
 A = Spawn XP
 B = Non-spawn XP
 C = Spawn XP percentage of total XP
 D = Spawn monster count
 E = Non-spawn monster count
 F = Spawn count percentage of total count
 G = Total turns spent on level
                    A         B        C        D         E        F      G
               +---------+---------+-------+---------+---------+-------+---------
         Total |       0 |   30319 |   0.0 |       0 |     333 |   0.0 | 17055
               +---------+---------+-------+---------+---------+-------+---------
           D:1 |       0 |      24 |   0.0 |       0 |      10 |   0.0 |  1005
           D:2 |       0 |     218 |   0.0 |       0 |      35 |   0.0 |  1297
           D:3 |       0 |     423 |   0.0 |       0 |      45 |   0.0 |  1005
           D:4 |       0 |     149 |   0.0 |       0 |      11 |   0.0 |   909
           D:5 |       0 |     905 |   0.0 |       0 |      15 |   0.0 |   915
           D:6 |       0 |     678 |   0.0 |       0 |      12 |   0.0 |  1103
           D:7 |       0 |    1696 |   0.0 |       0 |      34 |   0.0 |  1398
           D:8 |       0 |    3039 |   0.0 |       0 |      28 |   0.0 |  1792
           D:9 |       0 |    3228 |   0.0 |       0 |      34 |   0.0 |  1099
          D:10 |       0 |    9049 |   0.0 |       0 |      40 |   0.0 |  1814
        Lair:1 |       0 |    6000 |   0.0 |       0 |      18 |   0.0 |   877
        Lair:2 |       0 |    4660 |   0.0 |       0 |      20 |   0.0 |  2540
       Ossuary |       0 |     250 |   0.0 |       0 |      31 |   0.0 |  1118
               +---------+---------+-------+---------+---------+-------+---------
